 Dungeon Crawl Stone Soup version 0.28.0 (webtiles) character file.

Game seed: 476603431175022373

20054 mopl the Cleaver (level 12, -10/162 HPs)
             Began as a Minotaur Berserker on Feb 18, 2022.
             Was a Priest of Trog.
             Killed from afar by a storm dragon (50 damage)
             ... with a bolt of lightning
             ... on level 11 of the Dungeon.
             The game lasted 00:11:59 (11846 turns).

mopl the Cleaver (Minotaur Berserker)              Turns: 11846, Time: 00:12:00

Health: -10/162    AC: 17    Str: 21    XL:     12   Next: 42%
Magic:  3/3        EV: 12    Int:  4    God:    Trog [***...]
Gold:   748        SH:  0    Dex: 16    Spells: 11/11 levels left

rFire   + + .      SeeInvis .   R - +1 war axe (antimagic)
rCold   . . .      Faith    .   (no shield)
rNeg    + . .      Spirit   .   O - +1 chain mail {rF+}
rPois   .          Reflect  .   K - +1 hat
rElec   .          Harm     .   H - +2 cloak
rCorr   .          Rampage  .   (no gloves)
Will    .....                   (no boots)
Stlth   ..........              l - amulet of the acrobat
HPRegen 0.37/turn               F - ring of positive energy
MPRegen 0.08/turn               f - ring of protection from fire

@: berserking, studying Hexes, very quick
A: horns 2, retaliatory headbutt
a: Renounce Religion, Berserk, Trog's Hand


You were on level 11 of the Dungeon.
You worshipped Trog.
Trog was most pleased with you.
You visited 1 branch of the dungeon, and saw 11 of its levels.

You collected 748 gold pieces.

Inventory:

Hand Weapons
 a - the +5 demon whip "Spellbinder" {antimagic, Will+}
   (You took it off a meliai on level 11 of the Dungeon)

   It reduces the magical energy of the wielder, and disrupts the spells and
   magical abilities of those it strikes.
   Natural abilities and divine invocations are not affected.
   It unleashes wild and unpredictable magical effects upon striking a wizard or
   a creature with magical abilities.
   Will:      It increases your willpower.
 q - the +7 staff of the Meek {protect, meekguard}
   (You found it on level 3 of the Dungeon)

   It grants its wielder temporary protection when it strikes (+7 to AC).
   It provides extra protection to wielders with little health.
 P - a +2 great sword of flaming
 R - a +1 antimagic war axe (weapon)
Missiles
 g - 13 silver javelins
 j - 2 boomerangs
 x - 24 poisoned darts (quivered)
 J - 5 throwing nets
Armour
 c - +0 acid dragon scales
 H - a +2 cloak (worn)
 K - a +1 hat (worn)
 N - a +0 plate armour
 O - a +1 chain mail of fire resistance (worn)
Jewellery
 f - a ring of protection from fire (right hand)
 l - an amulet of the acrobat (around neck)
 F - a ring of positive energy (left hand)
 Q - a +4 ring of protection
Wands
 e - a wand of flame (34)
 A - a wand of iceblast (10)
 B - a wand of charming (12)
 D - a wand of digging (3)
 I - a wand of mindburst (8)
Scrolls
 d - a scroll of immolation {unknown}
 h - 2 scrolls of enchant armour {unknown}
 k - 5 scrolls of blinking {unknown}
 o - 3 scrolls of magic mapping {unknown}
 p - 2 scrolls of brand weapon {unknown}
 s - 4 scrolls of fog {unknown}
 t - 2 scrolls of teleportation {unknown}
 u - 2 scrolls of noise {unknown}
 v - 2 scrolls of identify {unknown}
 y - a scroll of summoning {unknown}
 C - 3 scrolls of fear {unknown}
Potions
 b - 4 potions of flight {unknown}
 i - a potion of might {unknown}
 m - 2 potions of brilliance {unknown}
 n - 3 potions of lignification {unknown}
 r - 3 potions of curing {unknown}
 w - 2 potions of ambrosia {unknown}
 z - a potion of heal wounds {unknown}
 E - a potion of magic {unknown}
 G - a potion of mutation {unknown}
 L - a potion of attraction {unknown}
 M - a potion of resistance {unknown}
Miscellaneous
 S - a tin of tremorstones (2/2)


   Skills:
 + Level 10.7 Fighting
 * Level 14.5 Axes
 + Level 6.3 Throwing
 + Level 10.4 Armour
 + Level 9.5 Dodging
 + Level 5.7 Evocations


You had 11 spell levels left.
You didn't know any spells.
Your spell library was empty.

Dungeon Overview and Level Annotations

Branches:
Dungeon (11/15)            Temple (0/1) D:4             Orc (0/2) D:10
   Lair: D:8-11

Altars:
Ashenzari
Gozag
Kikubaaqudgha
Qazlal
Sif Muna
Uskayaw
Beogh


Innate Abilities, Weirdness & Mutations

You have a pair of horns on your head.
You reflexively headbutt those who attack you in melee.


Message History

You start resting.
The wyvern completely misses you.
You barely miss the wyvern. You headbutt the wyvern.
The wyvern is lightly wounded.
The wyvern bites you.
You closely miss the wyvern. Your headbutt misses the wyvern.
The wyvern is lightly wounded.
You hear a deafening roar!
The wyvern closely misses you.
You slice the wyvern!!
The wyvern is almost dead.
The wyvern bites you but does no damage.
You slash the wyvern!
You kill the wyvern!
Trog accepts your kill.
A red film seems to cover your vision as you go berserk!
You feel yourself moving faster!
You feel mighty!
The storm dragon roars deafeningly!
The storm dragon bites you but does no damage.
The storm dragon claws you but does no damage.
The storm dragon tramples you but does no damage.
You barely miss the storm dragon.
The storm dragon breathes lightning at you.
The bolt of lightning hits you!!
* * * LOW HITPOINT WARNING * * *
You slash the storm dragon! You headbutt the storm dragon!
The storm dragon is moderately wounded.
You slash the storm dragon! Your headbutt misses the storm dragon.
The storm dragon is moderately wounded.
The storm dragon misses you. You furiously retaliate!
You headbutt the storm dragon! The storm dragon closely misses you.
The storm dragon tramples you but does no damage.
You closely miss the storm dragon.
You headbutt the storm dragon, but do no damage.
The storm dragon is heavily wounded.
You hit the storm dragon. You headbutt the storm dragon!
The storm dragon is severely wounded.
The storm dragon breathes lightning at you.
The bolt of lightning hits you!!!
You die...

#..###.......### #.#.#..P.....
####..#.....#..###
##.#.#..PP.##+ #
..##.#...#.##..###<).....P.P#
# #.#.#.#.#.###..###....PP..#
.....D...........8#....PP..###
.###.#.#.###)#....##..P..P...P
..#.##.##†#...#....##.#.PPP...
#..##.##..###D#...##......P.P
#....l#.##@#.#.#.##.#.PP.P.
#.....#.#.##..(#.##.#.#..P.
#...##.##...###.#.##.#...#....
.. #. ##)....##..#.##..#....
#. #)#.##..#.#.#.#.....#.
#.#.###..##...#..#....... .:=#
..# #.#........[.. c.:
...........8...).[< #y)
##..###.#.....[.....


You could see a storm dragon (catching breath).

Vanquished Creatures
  A sphinx (D:11)
  A fire giant (D:11)
  An ettin (D:11)
  A hydra (D:11)
  Harold (D:9)
  Erolcha (D:9)
  A boulder beetle (D:11)
  2 two-headed ogres
  2 centaur warriors (D:11)
  Urug (D:11)
  2 deep elf pyromancers
  A phantasmal warrior (D:11)
  3 cyclopes (D:11)
  Maurice (D:9)
  Psyche (D:8)
  A kobold demonologist (D:10)
  A freezing wraith (D:11)
  A meliai (D:11)
  A troll (D:10)
  A centaur simulacrum (D:11)
  10 yaks
  4 wraiths
  2 wyverns
  4 steam dragons
  Menkaure (D:5)
  2 acid dragons (D:10)
  2 water moccasins
  3 orc warriors
  An ice beast (D:8)
  A sky beast (D:7)
  2 black bears
  An ogre (D:5)
  A hornet zombie (D:6)
  3 centaurs
  9 bullfrogs
  Blork the orc (D:5)
  3 kobold brigands
  A gnoll sergeant (D:11)
  A scorpion (D:6)
  A water moccasin skeleton (D:4)
  10 killer bees
  2 howler monkeys
  3 orc priests
  3 centaur zombies
  5 hounds
  2 jellies
  2 bullfrog skeletons
  Crazy Yiuf (D:5)
  A centaur skeleton (D:6)
  5 iguanas
  Jessica (D:3)
  3 orc wizards (D:10)
  A hound zombie (D:5)
  9 adders
  A howler monkey skeleton (D:6)
  2 white imps
  An ufetubus (D:6)
  An adder skeleton (D:2)
  A worm (D:2)
  3 dart slugs (D:2)
  The ghost of p0werm0de the Sneak, a weakling VSDe (D:4)
  26 orcs
  4 ball pythons
  7 endoplasms
  8 hobgoblins
  9 jackals
  A quokka (D:3)
  5 bats
  4 frilled lizards
  3 goblins
  11 kobolds
  A rat (D:2)
215 creatures vanquished.

Vanquished Creatures (collateral kills)
  A death knight (D:11)
  2 orc warriors (D:10)
3 creatures vanquished.

Vanquished Creatures (others)
  7 fungi (D:11)
  8 plants (D:11)
15 creatures vanquished.

Grand Total: 233 creatures vanquished

Notes
Turn   | Place    | Note
-------+----------+-------------------------------------------
     0 | D:1      | mopl the Minotaur Berserker began the quest for the Orb.
     0 | D:1      | Reached XP level 1. HP: 19/19 MP: 0/0
     0 | D:1      | Noticed an orb of fire
     0 | D:1      | Noticed an orb of fire
     1 | D:1      | Noticed a shadow dragon
     4 | D:1      | Noticed an ice dragon
     4 | D:1      | Noticed a large abomination
     6 | D:1      | Noticed a tentacled monstrosity
    11 | D:1      | Noticed a tentacled monstrosity
    15 | D:1      | Noticed a shadow dragon
    15 | D:1      | Noticed an ice dragon
    17 | D:1      | Noticed an ice dragon
    17 | D:1      | Noticed a large abomination
    19 | D:1      | Noticed a tentacled monstrosity
    19 | D:1      | Noticed an iron dragon
    32 | D:1      | You fall into a shaft and drop 1 floor!
   166 | D:2      | Reached skill level 4 in Axes
   166 | D:2      | Reached XP level 2. HP: 27/27 MP: 1/1
   509 | D:1      | Reached XP level 3. HP: 30/33 MP: 2/2
   512 | D:1      | Reached skill level 4 in Fighting
   553 | D:1      | Found a faded altar of an unknown god.
   662 | D:1      | Reached skill level 3 in Armour
  1114 | D:2      | Reached ** piety under Trog
  1288 | D:2      | Reached XP level 4. HP: 40/40 MP: 3/3
  1866 | D:3      | Noticed Jessica
  1891 | D:3      | Killed Jessica
  1892 | D:3      | Reached skill level 5 in Axes
  1892 | D:3      | Reached skill level 3 in Dodging
  1898 | D:3      | Found a shimmering blue altar of Sif Muna.
  2113 | D:3      | Reached XP level 5. HP: 47/47 MP: 4/4
  2115 | D:3      | Found the +7 staff of the Meek {protect, meekguard}
  2786 | D:4      | Reached skill level 4 in Armour
  2786 | D:4      | Reached XP level 6. HP: 50/55 MP: 5/5
  2792 | D:4      | Reached *** piety under Trog
  2793 | D:4      | Reached skill level 6 in Axes
  2833 | D:4      | Noticed p0werm0de's ghost (weakling VSDe)
  2841 | D:4      | Found a runed translucent gate.
  2841 | D:4      | Found a runed translucent gate.
  2841 | D:4      | Found a runed translucent gate.
  2855 | D:4      | Killed p0werm0de's ghost
  2924 | D:4      | Found an opulent altar of Gozag.
  3043 | D:4      | Found a staircase to the Ecumenical Temple.
  3229 | D:4      | Reached skill level 5 in Fighting
  3252 | D:5      | Entered Level 5 of the Dungeon
  3264 | D:5      | Noticed a water moccasin
  3268 | D:5      | Reached skill level 4 in Dodging
  3275 | D:5      | Killed a water moccasin
  3276 | D:5      | Reached skill level 7 in Axes
  3276 | D:5      | Reached XP level 7. HP: 37/61 MP: 5/6
  3781 | D:5      | Found a runed translucent door.
  3782 | D:5      | Noticed Crazy Yiuf
  3827 | D:5      | Noticed Blork the orc
  3832 | D:5      | Killed Blork the orc
  3833 | D:5      | Reached skill level 5 in Armour
  3956 | D:5      | Noticed Menkaure
  3969 | D:5      | Killed Menkaure
  3970 | D:5      | Reached skill level 6 in Fighting
  4127 | D:5      | Killed Crazy Yiuf
  4128 | D:5      | Reached skill level 8 in Axes
  4251 | D:6      | Reached XP level 8. HP: 70/70 MP: 5/7
  4361 | D:6      | Reached skill level 5 in Dodging
  4599 | D:6      | Reached skill level 6 in Armour
  4785 | D:7      | Reached skill level 9 in Axes
  4950 | D:7      | Reached skill level 7 in Fighting
  5028 | D:7      | Reached skill level 6 in Dodging
  5030 | D:7      | Reached XP level 9. HP: 56/79 MP: 5/8
  5177 | D:7      | Found a stormy altar of Qazlal.
  5527 | D:8      | Reached skill level 10 in Axes
  5557 | D:8      | Reached **** piety under Trog
  5626 | D:8      | Noticed Psyche
  5632 | D:8      | Killed Psyche
  5633 | D:8      | Reached skill level 7 in Armour
  5635 | D:8      | Reached skill level 1 in Evocations
  5688 | D:8      | Reached skill level 1 in Throwing
  6163 | D:8      | Found a hide-covered altar of Uskayaw.
  6802 | D:9      | Noticed Maurice
  6820 | D:9      | Killed Maurice
  6927 | D:9      | Reached skill level 8 in Fighting
  6927 | D:9      | Reached skill level 2 in Throwing
  7118 | D:9      | Noticed Erolcha
  7125 | D:9      | Killed Erolcha
  7126 | D:9      | Reached skill level 11 in Axes
  7126 | D:9      | Reached skill level 7 in Dodging
  7126 | D:9      | Reached skill level 2 in Evocations
  7126 | D:9      | Reached XP level 10. HP: 88/88 MP: 3/9
  7159 | D:9      | Found a broken altar of Ashenzari.
  7165 | D:9      | Noticed Harold
  7172 | D:9      | Killed Harold
  7174 | D:9      | Reached skill level 8 in Armour
  7178 | D:9      | Reached skill level 3 in Throwing
  7828 | D:9      | Reached skill level 3 in Evocations
  8140 | D:9      | Found an ancient bone altar of Kikubaaqudgha.
  8164 | D:10     | Entered Level 10 of the Dungeon
  8199 | D:10     | Reached skill level 12 in Axes
  8339 | D:10     | Reached skill level 9 in Fighting
  8613 | D:10     | Reached skill level 4 in Throwing
  8877 | D:10     | Found a staircase to the Orcish Mines.
  8955 | D:11     | Noticed a deep elf pyromancer
  9085 | D:11     | Noticed a two-headed ogre
  9093 | D:10     | Killed a deep elf pyromancer
  9094 | D:10     | Reached skill level 8 in Dodging
  9094 | D:10     | Reached XP level 11. HP: 68/97 MP: 3/10
  9209 | D:11     | Noticed Urug
  9219 | D:10     | Killed a two-headed ogre
  9220 | D:10     | Reached skill level 9 in Armour
  9220 | D:10     | Reached skill level 4 in Evocations
  9716 | D:11     | Killed Urug
 10062 | D:11     | Noticed a fire giant
 10064 | D:11     | Noticed a boulder beetle
 10082 | D:11     | Killed a fire giant
 10083 | D:11     | Reached skill level 13 in Axes
 10198 | D:11     | Killed a boulder beetle
 10199 | D:11     | Reached skill level 5 in Throwing
 10216 | D:11     | Noticed a seven-headed hydra
 10224 | D:11     | Killed a seven-headed hydra
 10308 | D:11     | Reached skill level 10 in Fighting
 10355 | D:11     | Noticed a deep elf pyromancer
 10640 | D:11     | Killed a deep elf pyromancer
 10756 | D:11     | Reached skill level 5 in Evocations
 10791 | D:11     | Reached skill level 9 in Dodging
 11071 | D:11     | Noticed a death knight
 11071 | D:11     | Noticed a phantasmal warrior
 11100 | D:11     | Killed a phantasmal warrior
 11101 | D:11     | Reached XP level 12. HP: 64/106 MP: 3/11
 11106 | D:11     | Killed a death knight
 11107 | D:11     | Reached skill level 14 in Axes
 11107 | D:11     | Reached skill level 10 in Armour
 11353 | D:11     | Noticed an ettin
 11645 | D:11     | Killed an ettin
 11685 | D:11     | Noticed a sphinx
 11701 | D:11     | Killed a sphinx
 11701 | D:11     | Noticed a centaur warrior
 11702 | D:11     | Reached skill level 6 in Throwing
 11704 | D:11     | Killed a centaur warrior
 11748 | D:11     | Noticed a two-headed ogre
 11754 | D:11     | Killed a two-headed ogre
 11757 | D:11     | Noticed a centaur warrior
 11788 | D:11     | Noticed a centaur warrior
 11800 | D:11     | Killed a centaur warrior
 11830 | D:11     | Noticed a storm dragon
 11846 | D:11     | Killed from afar by a storm dragon

Illustrated notes

Levels and vault maps discovered:
D:1:      shiori_arrival_whats_in_store_for_you, layout_basic,
          ebering_ecumenical_altar_mist
D:2:      layout_basic, nrook_mini_vaults
D:3:      layout_basic, tgw_sif, pf_guarded_unrand_meek
D:4:      layout_basic, grunt_gozag_breadcrumbs, temple_hall,
          gammafunk_ghost_split, grunt_ministairs_6,
          chequers_serial_rivers_large_b
D:5:      layout_loops_ring, uniq_menkaure, uniq_blork_the_orc,
          uniq_crazy_yiuf_cottage
D:6:      layout_loops_ring
D:7:      layout_rooms, lemuel_doored_altar
D:8:      layout_layer_cave, nicolae_uskayaw_dance_hall, abandoned_shop,
          minmay_puff, uniq_psyche
D:9:      layout_basic, mainiacjoe_overflow_swirl, uniq_maurice, uniq_harold,
          uniq_erolcha
D:10:     layout_gridville, david_orc_4
D:11:     minmay_complete_graph, layout_basic, grunt_lair_entry_orc_guard_hut,
          uniq_urug

Skill      XL: |  1  2  3  4  5  6  7  8  9 10 11 12 |
---------------+-------------------------------------+-----
Axes           | 4 5 7 8 9 11 12 13 14 | 14.5
Fighting       | 4 5 6 7 8 9 10 | 10.7
Armour         | 3 4 5 6 7 8 9 10 | 10.4
Dodging        | 3 4 6 7 8 9 |  9.5
Evocations     | 2 3 5 |  5.7
Throwing       | 2 4 5 6 |  6.3

Action                   |  1- 3 |  4- 6 |  7- 9 | 10-12 || total
-------------------------+-------+-------+-------+-------++-------
Melee: Hand axe          |    64 |    85 |       |       ||   149
       Headbutt          |    10 |    17 |    33 |    75 ||   135
       Punch             |     1 |     3 |     2 |     2 ||     8
       War axe           |       |    26 |   169 |   257 ||   452
       Demon whip        |       |       |       |    20 ||    20
       Quarterstaff      |       |       |       |     3 ||     3
Throw: Dart              |       |       |       |     6 ||     6
Invok: Berserk           |       |     2 |     5 |    13 ||    20
       Trog's Hand       |       |       |     1 |     2 ||     3
       Brothers in Arms  |       |       |       |     2 ||     2
Armor: Chain mail        |    35 |    48 |    89 |   158 ||   330
       Animal skin       |     1 |       |       |       ||     1
Dodge: Dodged            |    31 |    52 |   109 |   218 ||   410
